 Dungeon Crawl Stone Soup version 0.26-a0-651-gb41185065b (webtiles) character file.

Game seed: 12256000956878460290

4584 kae the Grappler (level 10, -1/78 HPs)
             Began as a Naga Transmuter on Oct 29, 2020.
             Was an Elder of Cheibriados.
             Slain by a fire elemental (9 damage)
             ... summoned by a deep elf mage
             ... on level 8 of the Dungeon.
             The game lasted 00:11:23 (13910 turns).

kae the Grappler (Naga Transmuter)                 Turns: 13910, Time: 00:11:24

Health: -1/78      AC:  7    Str: 25    XL:     10   Next: 41%
Magic:  13/16      EV: 14    Int: 22    God:    Cheibriados [****..]
Gold:   696        SH:  0    Dex: 29    Spells: 8/17 levels left

rFire    . . .     SeeInvis +     - Unarmed
rCold    . . .     Faith    .   (shield currently unavailable)
rNeg     . . .     Spirit   .   s - +1 robe "Wun But" {*Corrode Dex+2 Stlth+}
rPois    +         Reflect  .   (no helmet)
rElec    .         Harm     .   y - +1 cloak {rCorr}
rCorr    +         Rampage  .   (gloves currently unavailable)
MR       +....                  (no barding)
Stlth    +++.......             (no amulet)
HPRegen  0.23/turn              v - ring of flight
MPRegen  0.15/turn              r - +6 ring of dexterity

@: blade hands, very slow
A: large, see invisible, deformed body, poison resistance, slowness 2, spit
poison 1, AC +3
a: Spit Poison, End Transformation, Bend Time, Temporal Distortion, Slouch,
Renounce Religion, Evoke Flight


You were on level 8 of the Dungeon.
You worshipped Cheibriados.
Cheibriados was greatly pleased with you.
You had blades for hands.
You visited 2 branches of the dungeon, and saw 9 of its levels.
You also visited: Bailey.

You collected 810 gold pieces.
You spent 114 gold pieces at shops.

Inventory:

Hand Weapons
 n - the +2 battleaxe of Qomumoni {venom, rElec MR+ SInv}
   (You took it off a gnoll in a bailey)

   It poisons the flesh of those it strikes.
   It insulates you from electricity.
   It affects your resistance to hostile enchantments.
   It lets you see invisible.
Armour
 a - a +2 robe
 s - the +1 robe "Wun But" (worn) {*Corrode Dex+2 Stlth+}
   (You bought it in a shop on level 5 of the Dungeon)

   It affects your dexterity (+2).
   It may corrode you when you take damage.
   It makes you more stealthy.
 y - a +1 cloak of preservation (worn)
Jewellery
 e - an uncursed ring of protection from magic
 f - an uncursed ring of ice
 h - an uncursed ring of fire
 r - a +6 ring of dexterity (right scythe-like blade)
 v - a ring of flight (left scythe-like blade)
Wands
 o - a wand of random effects (23)
 q - a wand of digging (7)
 w - a wand of polymorph (5)
Scrolls
 d - 4 scrolls of remove curse
 g - 2 scrolls of amnesia
 i - 2 scrolls of teleportation
 l - a scroll of enchant weapon
 x - a scroll of blinking
 A - a scroll of identify
 B - a scroll of fear {unknown}
Potions
 b - 2 potions of brilliance
 c - a potion of curing
 j - 2 potions of haste
 k - 3 potions of might
 m - 3 potions of mutation
 p - a potion of flight
 t - a potion of berserk rage
 u - a potion of invisibility
 z - a potion of degeneration {unknown}


   Skills:
 - Level 1.0 Fighting
 + Level 4.3 Dodging
 - Level 10.0 Unarmed Combat
 - Level 4.0 Spellcasting
 - Level 10.0 Transmutations


You had 8 spell levels left.
You knew the following spells:

 Your Spells              Type           Power        Failure   Level
a - Beastly Appendage     Tmut           #####.       9%          1
b - Spider Form           Tmut/Pois      ####......   30%         3
c - Blade Hands           Tmut           #####.....   32%         5

Your spell library contained the following spells:

 Spells                   Type           Power        Failure   Level
 Wereblood                Tmut           #####...     10%         2
 Corona                   Hex            #......      47%         1
 Summon Small Mammal      Summ           #...         47%         1
 Ice Form                 Ice/Tmut       ####....     54%         4
 Petrify                  Tmut/Erth      ####....     54%         4
 Call Imp                 Summ           #.......     58%         2
 Ensorcelled Hibernation  Hex/Ice        #.....       58%         2
 Call Canine Familiar     Summ           #.......     75%         3
 Confusing Touch          Hex            #.......     75%         3
 Dazzling Flash           Conj/Hex       #.....       75%         3
 Gell's Gravitas          Tloc           #.........   75%         3
 Summon Guardian Golem    Hex/Summ       #.......     75%         3
 Tukima's Dance           Hex            #.......     75%         3
 Yara's Violent Unravell  Hex/Tmut       ####......   78%         5
 Summon Ice Beast         Ice/Summ       #.......     96%         4
 Summon Lightning Spire   Summ/Air       #.......     96%         4
 Metabolic Englaciation   Hex/Ice        #.........   100%        5


Dungeon Overview and Level Annotations

Branches:
Dungeon (8/15)             Temple (1/1) D:5          Bailey (visited)
   Lair: D:8-11

Altars:
Ashenzari
Cheibriados
Dithmenos
Elyvilon
Fedhas
Gozag
Kikubaaqudgha
Makhleb
Nemelex Xobeh
Okawaru
Qazlal
Ru
Sif Muna
Trog
Vehumet
Wu Jian
Xom
Yredelemnul
Zin
The Shining One

Shops:
D:5 [

Annotations:
D:8 2 transporters, PanSaczeczos's ghost, novice TeVM


Innate Abilities, Weirdness & Mutations

You cannot wear boots.
Your serpentine skin is tough. (AC +3)
You have supernaturally acute eyesight. (SInv)
Armour fits poorly on your strangely shaped body.
Your system is resistant to poisons. (rPois)
You cover ground very slowly.
You can spit poison.


Message History

You are too injured to fight recklessly!
You are too injured to fight recklessly!
You slice the kobold!!
You kill the kobold!
Cheibriados thoroughly appreciates the change of pace.
The fire elemental hits you. The fire elemental burns you!
The kobold hits you but does no damage. The kobold hits you with a +0 club.
You slice the kobold!!
You kill the kobold!
Cheibriados appreciates the change of pace.
The fire elemental hits you. The fire elemental burns you!
The kobold hits you but does no damage. The fire elemental hits you.
The fire elemental burns you!
* * * LOW HITPOINT WARNING * * *
The deep elf mage misses you. The fire elemental hits you.
The fire elemental burns you!
* * * LOW HITPOINT WARNING * * *
The deep elf mage barely misses you. The kobold hits you but does no damage.
The fire elemental hits you. The fire elemental burns you!
You die...

.#...##[.......(.................
.#...##......#...#..........#....
$#©..##......#.#.#......#########
O#...#########.#####....###
O#©.#########..#...#......#
O#.#...(......##._.#..>.#.#
O#...###########.))#....#.##
W#..## ###K##....#..## .#.##
####e@E......##..##### ##.#
#.....8....<.###...... ####
###......##### ######. ##...###
## #####


You could see a deep elf mage, a fire elemental (summoned) and a kobold.

Vanquished Creatures
  An orc knight (Bailey)
  Sigmund (D:2)
  Duvessa (D:5)
  7 orc warriors
  An ice beast (D:6)
  A phantom (D:4)
  4 ogres
  5 centaurs
  A big kobold (D:8)
  3 bullfrogs
  Dowan (D:5)
  A water moccasin zombie (D:8)
  3 scorpions (D:5)
  8 killer bees
  A centaur zombie (D:8)
  A quasit (D:8)
  6 hounds
  2 orc priests
  A jelly (D:7)
  11 orc wizards
  3 gnoll shamans
  2 iguanas
  Jessica (D:2)
  2 centaur skeletons
  5 worker ants
  A howler monkey zombie (D:7)
  19 gnolls
  12 adders
  A shadow imp (D:5)
  3 white imps
  2 adder skeletons
  A worm (D:4)
  4 dart slugs
  4 leopard geckos
  22 orcs
  4 bats
  4 giant cockroaches
  17 goblins
  8 hobgoblins
  11 jackals
  3 quokkas
  7 frilled lizards
  22 kobolds
  A leopard gecko skeleton (D:5)
  6 rats
225 creatures vanquished.

Notes
Turn   | Place    | Note
-------+----------+-------------------------------------------
     0 | D:1      | kae the Naga Transmuter began the quest for the Orb.
     0 | D:1      | Reached XP level 1. HP: 18/18 MP: 3/3
   127 | D:1      | Reached XP level 2. HP: 22/25 MP: 3/5
  1306 | D:2      | Reached XP level 3. HP: 10/31 MP: 6/6
  1517 | D:2      | Learned a level 3 spell: Spider Form
  2171 | D:2      | Found an ornate altar of the Wu Jian Council.
  2397 | D:2      | Noticed Jessica
  2405 | D:2      | Killed Jessica
  2405 | D:2      | Reached XP level 4. HP: 35/38 MP: 5/7
  2558 | D:2      | Found an iron altar of Okawaru.
  2980 | D:2      | Noticed Sigmund
  2996 | D:2      | Killed Sigmund
  2996 | D:2      | Reached skill level 5 in Unarmed Combat
  2996 | D:2      | Reached XP level 5. HP: 24/44 MP: 5/8
  2996 | D:2      | Reached XP level 6. HP: 28/51 MP: 5/9
  3602 | D:3      | Found a broken altar of Ashenzari.
  4606 | D:4      | Reached skill level 5 in Transmutations
  4797 | D:4      | Reached XP level 7. HP: 55/57 MP: 8/10
  6112 | D:4      | Found a radiant altar of Vehumet.
  6329 | D:5      | Entered Level 5 of the Dungeon
  6473 | D:5      | Reached XP level 8. HP: 45/64 MP: 7/11
  6597 | D:5      | Found Ibaocu Voeng's Antique Armour Emporium.
  6600 | D:5      | Bought a shimmering robe for 114 gold pieces
  6610 | D:5      | Identified the +1 robe "Wun But" {*Corrode Dex+2 Stlth+}
                  | (You bought it in a shop on level 5 of the Dungeon)
  7080 | D:5      | Noticed Duvessa
  7082 | D:5      | Noticed Dowan
  7103 | D:5      | Killed Duvessa
  7107 | D:5      | Killed Dowan
  7948 | D:5      | Found a staircase to the Ecumenical Temple.
  7958 | Temple   | Entered the Ecumenical Temple
  8067 | Temple   | Became a worshipper of Cheibriados the Contemplative
  8244 | D:6      | Reached XP level 9. HP: 5/70 MP: 9/12
  9158 | D:6      | Found a stormy altar of Qazlal.
  9719 | D:7      | Found a flagged portal.
  9732 | Bailey   | Entered a bailey
  9761 | Bailey   | Noticed an orc knight
  9777 | Bailey   | Learned a level 5 spell: Blade Hands
  9841 | Bailey   | Identified the +2 battleaxe of Qomumoni {venom, rElec MR+
                  | SInv}
  9841 | Bailey   | Identified the cursed +1 robe of Tenacity {rElec Stlth+}
  9843 | Bailey   | Identified the +5 scimitar of Hoel {elec, rPois SInv}
  9853 | Bailey   | Reached * piety under Cheibriados
 10154 | Bailey   | Killed an orc knight
 10908 | Bailey   | Reached ** piety under Cheibriados
 10908 | Bailey   | Reached skill level 10 in Unarmed Combat
 11238 | D:7      | Reached skill level 10 in Transmutations
 11346 | D:7      | Reached XP level 10. HP: 25/78 MP: 0/13
 11758 | D:7      | Found a basalt altar of Yredelemnul.
 11884 | D:7      | Found an opulent altar of Gozag.
 12072 | D:7      | Found a glowing golden altar of the Shining One.
 12497 | D:8      | Found an ancient bone altar of Kikubaaqudgha.
 12699 | D:8      | Reached *** piety under Cheibriados
 13043 | D:8      | HP: 3/78 [poisoned by a killer bee]
 13050 | D:8      | HP: 2/78 [poisoned by a killer bee]
 13058 | D:8      | HP: 2/78 [poisoned by a killer bee]
 13068 | D:8      | HP: 2/78 [poisoned by a killer bee]
 13074 | D:8      | HP: 2/78 [poisoned by a killer bee]
 13080 | D:8      | HP: 3/78 [poisoned by a killer bee]
 13446 | D:8      | Found a transporter.
 13447 | D:8      | Noticed PanSaczeczos's ghost (novice TeVM)
 13458 | D:8      | Found a transporter.
 13512 | D:8      | Found a shadowy altar of Dithmenos.
 13664 | D:8      | Reached **** piety under Cheibriados
 13896 | D:8      | Found a bloodstained altar of Trog.
 13896 | D:8      | Noticed a deep elf mage
 13910 | D:8      | Slain by a fire elemental

Illustrated notes

Levels and vault maps discovered:
D:1:      minmay_arrival_split_and_join, layout_basic, minivault_24
D:2:      layout_basic, nicolae_overflow_hidden_temple, old_standard_altar,
          chequers_serial_rivers_micro_e, grunt_ministairs_1,
          kennysheep_generic_room_11, uniq_sigmund, uniq_jessica
D:3:      layout_basic, evilmike_ruin_ashenzari
D:4:      layout_basic, kennysheep_mini
D:5:      layout_basic, minmay_temple_entry_crystal_x, serial_shops,
          kennysheep_mini_moat, dk_noncrumbling_4, uniq_duvessa
D:6:      layout_gridville, nicolae_qazlal_general_emergency
D:7:      layout_basic, yredelemnul_altar_generic, overflow_temple_1_default,
          grunt_gozag_statues, enter_bailey_3
D:8:      minmay_goldmine, layout_rooms, kennysheep_little_box,
          overflow_temple_1_default, serial_curves, eino_curves_01,
          eino_curves_03, gammafunk_ghost_smash, david_defended_altar_elf
Temple:   nicolae_temple_figure_zero

Skill      XL: |  1  2  3  4  5  6  7  8  9 10 |
---------------+-------------------------------+-----
Transmutations | 3 4 5 6 8 10 | 10.0
Unarmed Combat | 4 5 7 8 10 | 10.0
Dodging        | 4 |  4.3
Spellcasting   | 4 |  4.0
Fighting       | |  1.0

Action                   |  1- 3 |  4- 6 |  7- 9 | 10-12 || total
-------------------------+-------+-------+-------+-------++-------
Melee: Unarmed           |   105 |   109 |   333 |   113 ||   660
       Headbutt          |     8 |    14 |     2 |       ||    24
       Punch             |       |     2 |     6 |     1 ||     9
 Cast: Beastly Appendage |    18 |    19 |     9 |       ||    46
       Spider Form       |       |     3 |    44 |    11 ||    58
       Blade Hands       |       |       |     6 |     5 ||    11
 Abil: Spit Poison       |     2 |     2 |     1 |       ||     5
       End Transformatio |       |       |     2 |       ||     2
       Evoke Flight      |       |       |     1 |       ||     1
  Use: Scroll            |       |    13 |     8 |       ||    21
       Potion            |       |       |     1 |     2 ||     3
 Stab: Sleeping          |       |     1 |     2 |     1 ||     4
Armor: Robe              |    20 |    24 |    39 |    28 ||   111
       Skin              |       |     1 |    10 |    44 ||    55
Dodge: Dodged            |    71 |    70 |   307 |   117 ||   565

Table legend: (Time is in decaauts)
 A = Elapsed time spent in this place.
 B = Non-inter-level travel time spent in this place.
 C = Inter-level travel time spent in this place.
 D = Time resting spent in this place.
 E = Time spent auto-exploring this place.
 F = Levels seen in this place.
 G = Mean time per level.
                   A        B        C        D        E       F      G
               +--------+--------+--------+--------+--------+-----+--------+
         Total |  17280 |  16813 |    467 |   2354 |  12423 |  10 | 1728.0 |
       Dungeon |  15442 |  14992 |    450 |   1697 |  11695 |   8 | 1930.2 |
        Temple |    165 |    148 |     17 |      0 |    146 |   1 |  165.0 |
        Bailey |   1672 |   1672 |      0 |    657 |    582 |   1 | 1672.0 |
               +--------+--------+--------+--------+--------+-----+--------+

Top non-repeatable levels by time:
     D:2: 2554 daAuts
     D:7: 2483 daAuts
     D:4: 2280 daAuts
     D:5: 2242 daAuts
     D:8: 1825 daAuts
  Bailey: 1672 daAuts
     D:1: 1575 daAuts
     D:6: 1405 daAuts
     D:3: 1076 daAuts
  Temple: 165 daAuts
